 Dungeon Crawl Stone Soup version 0.24-a0-417-g1cce26a4d2 (webtiles) character file.

Game seed: 15835284495028617151

4893 Gargoyl the Covered (level 10, -3/73 HPs)
             Began as a Centaur Abyssal Knight on June 10, 2019.
             Was an Elder of Lugonu.
             Slain by a troll (9 damage)
             ... on level 10 of the Dungeon.
             The game lasted 00:16:04 (8845 turns).

Gargoyl the Covered (Centaur Abyssal Knight)        Turns: 8845, Time: 00:16:05

Health: -3/73      AC:  9    Str: 16      XL:     10   Next: 26%
Magic:  14/14      EV:  8    Int: 11      God:    Lugonu [****..]
Gold:   238        SH:  5    Dex: 10 (11) Spells: 9/9 levels left

rFire    . . .     SeeInvis .   o - +2 war axe (freeze)
rCold    . . .     Gourm    .   g - +1 buckler
rNeg     . . .     Faith    .   q - +1 scale mail {rPois}
rPois    +         Spirit   .   (helmet restricted)
rElec    .         Reflect  .   (no cloak)
rCorr    .         Harm     .   (no gloves)
MR       .....                  (no barding)
Stlth    ..........             b - amulet of regeneration
HPRegen  0.62/turn              j - ring of flight
MPRegen  0.14/turn              r - +1 ring of protection

@: very quick
A: large, hooves 3, horns 1, deformed body, speed 2, frail 1, tough skin 3,
MP-powered wands
a: Depart the Abyss, Bend Space, Banish, Corrupt, Renounce Religion, Evoke
Flight


You were on level 10 of the Dungeon.
You worshipped Lugonu.
Lugonu was greatly pleased with you.
You were hungry.

You visited 1 branch of the dungeon, and saw 10 of its levels.
You visited the Abyss 1 time.

You collected 326 gold pieces.
You spent 88 gold pieces at shops.

Inventory:

Hand Weapons
 a - a +1 hand axe
 o - a +2 war axe of freezing (weapon)
Missiles
 d - 7 boomerangs (quivered)
Armour
 g - a +1 buckler (worn)
 l - a +0 helmet
 q - a +1 scale mail of poison resistance (worn)
Jewellery
 b - an amulet of regeneration (around neck)
 j - a ring of flight (left hand)
 r - a +1 ring of protection (right hand)
Wands
 n - a wand of enslavement (8)
 u - a wand of acid (10)
Scrolls
 e - a scroll of identify
 f - a scroll of fog
 i - 7 scrolls of remove curse
 k - 2 scrolls of teleportation
 p - a scroll of magic mapping
 s - a scroll of amnesia
 v - 3 scrolls of fear
Potions
 h - a potion of flight
 m - a potion of curing
 t - a potion of haste
 w - a potion of heal wounds
Comestibles
 c - 10 rations


   Skills:
 + Level 5.6 Fighting
 + Level 6.6 Axes
 + Level 0.5 Throwing
 * Level 6.9 Armour
 + Level 2.6 Dodging
 * Level 4.1 Shields
 * Level 6.4 Invocations
 + Level 0.8 Evocations


You had 9 spell levels left.
You didn't know any spells.
Your spell library contained the following spells:

 Spells                   Type           Power        Failure   Level  Hunger
 Corona                   Hex            #......      73%         1    ##.....
 Flame Tongue             Conj/Fire      #....        73%         1    ##.....
 Magic Dart               Conj           #...         73%         1    ##.....
 Blink                    Tloc           N/A          86%         2    ###....
 Call Imp                 Summ           #.......     86%         2    ###....
 Ensorcelled Hibernation  Hex/Ice        #.....       86%         2    ###....
 Slow                     Hex            #.......     86%         2    ###....
 Throw Flame              Conj/Fire      #.....       86%         2    ###....
 Confuse                  Hex            #.......     97%         3    ####...
 Conjure Flame            Conj/Fire      #.......     97%         3    ####...
 Dazzling Spray           Conj/Hex       #.....       97%         3    ####...
 Ignite Poison            Fire/Tmut/Pois #.......     97%         3    ####...
 Inner Flame              Hex/Fire       #.......     97%         3    ####...
 Mephitic Cloud           Conj/Pois/Air  #.......     97%         3    ####...
 Tukima's Dance           Hex            #.......     97%         3    ####...
 Sticky Flame             Conj/Fire      #.......     100%        4    #####..
 Fireball                 Conj/Fire      #.........   100%        5    ######.
 Bolt of Fire             Conj/Fire      #.........   100%        6    #######
 Ring of Flames           Chrm/Fire      #.........   100%        7    #######
 Ignition                 Fire           #.........   100%        8    #######


Dungeon Overview and Level Annotations

Branches:
Dungeon (10/15)            Temple (0/1) D:5
   Lair: D:8-11         Orc: D:9-12

Altars:
Ashenzari
Hepliaklqana
Qazlal
Uskayaw
Wu Jian
Xom

Shops:
D:5 ?   D:9 !


Innate Abilities, Weirdness & Mutations

You have hooves in place of feet.
Armour fits poorly on your strangely shaped body.
You cover ground very quickly.
You have extremely tough skin. (AC +3)
You have a pair of small horns on your head.
You are frail. (-10% HP)
You expend magic power (3 MP) to strengthen your wands.


Message History

The killer bee is almost dead.
The killer bee stings you. x2
You slash the killer bee! You freeze the killer bee.
You kill the killer bee!
Lugonu accepts your kill. The troll bites you! The troll claws you.
The troll completely misses you.
You hit the troll. You freeze the troll. Your kick misses the troll.
The troll is lightly wounded.
The troll bites you but does no damage. The troll claws you!
The troll claws you but does no damage.
You slash the troll! You freeze the troll. Your headbutt misses the troll.
The troll is moderately wounded.
The troll bites you!
* * * LOW HITPOINT WARNING * * *
The troll claws you but does no damage. The troll claws you.
* * * LOW HITPOINT WARNING * * *
You hit the troll. You freeze the troll. Your kick misses the troll.
The troll is heavily wounded.
The troll bites you!
You die...

#.## #.†# #.## #..#
##.##...# #g##...#
#y##...# #T##...#
#@##...# #(##...#
#..#...# ##.#...#
###.....##.#######
#.......##........
#.......##.........
#.......##.....^...
#.......##.........


You could see a troll, a killer bee and a gnoll.

Vanquished Creatures
  Joseph (D:9)
  2 hippogriffs
  2 hungry ghosts
  An orc warrior (D:7)
  A water moccasin (D:6)
  4 ice beasts
  4 phantoms
  5 ogres
  3 centaurs
  2 big kobolds
  5 bullfrogs
  4 scorpions
  13 killer bees
  6 wights
  A centaur zombie (D:8)
  2 quasits
  2 crimson imps
  A bullfrog skeleton (D:8)
  A jelly (D:6)
  An orc priest (D:4)
  3 hounds
  4 orc wizards
  2 iguanas
  3 worker ants
  A hound zombie (D:6)
  3 worker ant zombies
  4 gnolls (D:7)
  A howler monkey skeleton (D:5)
  10 adders
  An adder zombie (D:6)
  3 worms
  2 dart slugs
  5 leopard geckos
  22 orcs
  4 giant cockroaches
  7 goblins
  8 hobgoblins
  10 jackals
  3 quokkas
  2 ball pythons
  9 bats
  7 frilled lizards
  15 kobolds
  11 rats
201 creatures vanquished.

Notes
Turn   | Place    | Note
-------+----------+-------------------------------------------
     0 | Abyss:1  | Gargoyl the Centaur Abyssal Knight began the quest for the
                  | Orb.
     0 | Abyss:1  | Reached XP level 1. HP: 19/19 MP: 2/2
     1 | Abyss:1  | Found a corrupted altar of Lugonu.
    52 | Abyss:2  | Got a shimmering leather armour
    63 | Abyss:2  | Identified the +1 leather armour of Restlessness {rPois
                  | rC+} (You found it on level 2 of the Abyss)
   124 | Abyss:2  | Noticed a wretched star
   126 | D:1      | Escaped the Abyss
   206 | D:1      | Reached * piety under Lugonu
   480 | D:1      | Reached XP level 2. HP: 22/26 MP: 3/3
   734 | D:1      | Reached skill level 1 in Dodging
   802 | D:1      | Reached XP level 3. HP: 27/31 MP: 4/4
  1091 | D:2      | Reached ** piety under Lugonu
  2000 | D:3      | Noticed a centaur
  2009 | D:3      | Killed a centaur
  2009 | D:3      | Reached skill level 1 in Shields
  2009 | D:3      | Reached XP level 4. HP: 30/38 MP: 4/6
  2009 | D:3      | Reached XP level 5. HP: 35/45 MP: 4/7
  2723 | D:4      | Noticed a phantom
  2733 | D:4      | Gained mutation: You are robust. (+10% HP) [potion of
                  | mutation]
  2733 | D:4      | Gained mutation: You are clumsy. (Dex -2) [potion of
                  | mutation]
  2733 | D:4      | Gained mutation: You have a pair of small horns on your
                  | head. [potion of mutation]
  2753 | D:4      | Killed a phantom
  2753 | D:4      | Reached XP level 6. HP: 40/56 MP: 8/8
  3232 | D:4      | Reached XP level 7. HP: 61/63 MP: 9/9
  3355 | D:5      | Entered Level 5 of the Dungeon
  3439 | D:5      | Found Liuprec's Magic Scroll Shoppe.
  3806 | D:5      | Found a staircase to the Ecumenical Temple.
  3869 | D:5      | Reached *** piety under Lugonu
  3873 | D:5      | Lost mutation: You are clumsy. (Dex -2) [potion of
                  | mutation]
  3873 | D:5      | Lost mutation: You are robust. (+10% HP) [potion of
                  | mutation]
  3873 | D:5      | Gained mutation: You are frail. (-10% HP) [potion of
                  | mutation]
  3873 | D:5      | Gained mutation: You expend magic power (3 MP) to
                  | strengthen your wands. [potion of mutation]
  4607 | D:6      | Reached XP level 8. HP: 16/59 MP: 11/11
  4608 | D:6      | Reached skill level 5 in Axes
  4980 | D:6      | Found an ornate altar of the Wu Jian Council.
  4980 | D:6      | Found a hide-covered altar of Uskayaw.
  5195 | D:7      | Found a stormy altar of Qazlal.
  5502 | D:7      | Reached skill level 5 in Invocations
  5753 | D:6      | Reached skill level 5 in Armour
  5753 | D:6      | Reached XP level 9. HP: 24/64 MP: 12/12
  6721 | D:8      | Found a shattered altar of Ashenzari.
  6722 | D:8      | Found a hazy altar of Hepliaklqana.
  6760 | D:8      | Reached skill level 5 in Fighting
  6765 | D:8      | Reached **** piety under Lugonu
  7327 | D:8      | Noticed an anaconda
  7336 | D:8      | Found a shimmering altar of Xom.
  7336 | D:8      | Found a shimmering altar of Xom.
  7337 | D:8      | Found a shimmering altar of Xom.
  7337 | D:8      | Found a shimmering altar of Xom.
  7660 | D:8      | Found a shimmering altar of Xom.
  7660 | D:8      | Found a shimmering altar of Xom.
  7660 | D:8      | Noticed a guardian serpent
  7860 | D:9      | Noticed Joseph
  7873 | D:9      | Killed Joseph
  7873 | D:9      | Reached XP level 10. HP: 72/72 MP: 14/14
  8243 | D:9      | Found Eduyrpho's Distillery.
  8248 | D:9      | Bought a potion of curing for 33 gold pieces
  8248 | D:9      | Bought a potion of heal wounds for 55 gold pieces
  8431 | D:10     | Entered Level 10 of the Dungeon
  8845 | D:10     | Slain by a troll

Levels and vault maps discovered:
D:1:      tarquinn_simple_flora_water_e, layout_basic
D:2:      layout_loops_corners
D:3:      layout_loops_ring
D:4:      layout_loops_ring
D:5:      layout_basic, temple_statues, serial_shops, shop_fountains,
          first_ration
D:6:      layout_basic, gammafunk_temple_overflow_wave
D:7:      layout_basic, basic_altar
D:8:      layout_loops_ring, gammafunk_temple_overflow_pools, xom_shifter_show
D:9:      layout_loops_ring, david_lair_generic, serial_shops,
          nicolae_shop_stone, david_nohive_1, uniq_joseph
D:10:     layout_basic, david_orc_4, gammafunk_ghost_spectres

Skill      XL: |  1  2  3  4  5  6  7  8  9 10 |
---------------+-------------------------------+-----
Axes           | 2 3 4 5 6 |  6.6
Dodging        | 1 2 |  2.6
Armour         | 2 3 5 6 |  6.9
Shields        | 1 2 3 4 |  4.1
Invocations    | 3 4 5 6 |  6.4
Fighting       | 4 5 |  5.6
Throwing       | |  0.5
Evocations     | |  0.8

Action                   |  1- 3 |  4- 6 |  7- 9 | 10-12 || total
-------------------------+-------+-------+-------+-------++-------
Melee: Hand axe          |   160 |   120 |   355 |       ||   635
       Kick              |    17 |    30 |   107 |    14 ||   168
       Headbutt          |       |     6 |    76 |    11 ||    93
       War axe           |       |       |   148 |   139 ||   287
Throw: Boomerang         |       |       |     6 |     2 ||     8
Invok: Depart the Abyss  |     1 |       |       |       ||     1
Evoke: Wand              |       |     5 |     5 |       ||    10
  Use: Potion            |     2 |     2 |     5 |     1 ||    10
       Scroll            |     8 |     4 |     9 |     5 ||    26
  Eat: Chunk             |     1 |     5 |    18 |       ||    24
       Ration            |       |       |     3 |     1 ||     4
Armor: Leather armour    |   105 |    29 |    14 |       ||   148
       Scale mail        |       |       |   233 |   102 ||   335
       Skin              |       |       |     2 |       ||     2
Dodge: Dodged            |    94 |    45 |   198 |   104 ||   441
Block: Buckler           |    32 |    12 |   108 |    67 ||   219

Table legend:
 A = Non-vault XP
 B = Vault XP
 C = Vault XP percentage of total XP
 D = Non-vault monster count
 E = Vault monster count
 F = Vault count percentage of total count
                 A         B        C        D         E       F
            +---------+---------+-------+---------+---------+-------
      Total |    6185 |     805 |  11.5 |     194 |       7 |   3.5
            +---------+---------+-------+---------+---------+-------
        D:1 |      48 |       0 |   0.0 |      29 |       0 |   0.0
        D:2 |      27 |       0 |   0.0 |      17 |       0 |   0.0
        D:3 |     171 |       0 |   0.0 |      20 |       0 |   0.0
        D:4 |     524 |       0 |   0.0 |      15 |       0 |   0.0
        D:5 |     222 |       0 |   0.0 |      14 |       0 |   0.0
        D:6 |     919 |       0 |   0.0 |      24 |       0 |   0.0
        D:7 |    1146 |       0 |   0.0 |      21 |       0 |   0.0
        D:8 |    2016 |      66 |   3.2 |      35 |       1 |   2.8
        D:9 |     526 |     739 |  58.4 |       7 |       6 |  46.2
       D:10 |     586 |       0 |   0.0 |      12 |       0 |   0.0
            +---------+---------+-------+---------+---------+-------
